AoeStats
← a.l.a.n.t

Arena

504864787Analyzed
4v4 RM · 26d ago on Sep 6, 2026· 40m 55s· 8 players
Game mode
Random Map
Map size
Large (8 player)
Population
200
Speed
Normal
Resources
Standard
Victory
Conquest
Starting age
Dark Age
Ending age
Imperial Age
RankedLock teamsTeams togetherTeam positionsShared explorationLock speedFull tech treeHidden civsTurbo modeCheats
Victory
Defeat
🇭🇺 Dravidians · Hungary
1334
+13
🇺🇸 Wei · United States
1292
+15
🇩🇪 Bohemians · Germany
1282
+16
🇬🇧 Persians · United Kingdom
1273
+16
🇳🇿 Celts · New Zealand
1329
-18
🇨🇱 Khmer · Chile
1308
-16
🇺🇸 Shu · United States
1248
-14
🇨🇳 Italians · China
1211
-12
Spider2YBanana
11:41 Feudal Age
12:12 Double-Bit Axe
15:23 Castle Age
13:14 Horse Collar
14:24 Gold Mining
14:31 Stone Mining
16:47 Bow Saw
16:42 Heavy Plow
21:10 Wheelbarrow
23:43 Gold Shaft Mining
24:51 Stone Shaft Mining
28:18 Imperial Age
26:55 Scale Barding Armor
27:02 Forging
28:21 Chain Barding Armor
29:12 Hand Cart
28:42 Loom
29:39 Treadmill Crane
30:20 Ballistics
30:02 Fletching
31:13 Chemistry
30:52 Bodkin Arrow
32:22 Iron Casting
32:47 Parthian Tactics
32:58 Bracer
33:05 Thumb Ring
33:28 Conscription
34:39 Blast Furnace
33:38 Light Cavalry
34:28 Bloodlines
34:18 Husbandry
36:44 Ming Guang Armor
36:15 Light Cavalry
38:37 Tuntian
38:44 Hussar
40:17 Padded Archer Armor
a.l.a.n.t
10:03 Feudal Age
13:50 Castle Age
11:58 Horse Collar
12:14 Double-Bit Axe
14:47 Bow Saw
21:38 Fletching
23:07 Heavy Plow
24:16 Wheelbarrow
28:46 Imperial Age
26:08 Loom
26:52 Bodkin Arrow
28:01 Scale Barding Armor
28:45 Husbandry
28:55 Bloodlines
29:08 Chain Barding Armor
29:01 Forging
28:46 Gold Mining
28:31 Cavalier
30:54 Plate Barding Armor
29:58 Savar
32:09 Conscription
35:46 Elite Skirmisher
36:32 Thumb Ring
37:33 Padded Archer Armor
Skipper
9:29 Feudal Age
11:41 Loom
14:34 Castle Age
12:26 Double-Bit Axe
12:57 Horse Collar
22:56 Wheelbarrow
23:00 Bow Saw
24:05 Hand Cart
29:33 Imperial Age
28:21 Town Watch
28:12 Pikeman
28:52 Squires
29:03 Town Patrol
29:24 Wagenburg Tactics
30:49 Chemistry
29:40 Halberdier
30:06 Arson
30:46 Conscription
31:52 Two-Man Saw
31:49 Forging
31:40 Scale Mail Armor
33:32 Iron Casting
33:26 Chain Mail Armor
33:26 Heavy Plow
33:22 Fletching
35:44 Blast Furnace
34:38 Fletching
35:30 Houfnice
36:19 Siege Engineers
36:34 Ballistics
38:16 Plate Mail Armor
37:42 Bodkin Arrow
38:48 Treadmill Crane
39:03 Murder Holes
Bl++d
8:44 Loom
11:01 Feudal Age
14:44 Castle Age
13:32 Loom
13:36 Double-Bit Axe
13:33 Horse Collar
15:36 Bow Saw
26:10 Pikeman
26:13 Man-at-Arms
26:54 Squires
27:57 Long Swordsman
35:05 Wheelbarrow
36:52 Hand Cart
39:17 Gold Mining
40:49 Heavy Plow
Pished
10:12 Feudal Age
14:00 Castle Age
12:27 Double-Bit Axe
12:31 Horse Collar
14:25 Loom
19:45 Town Watch
21:06 Gold Mining
24:54 Wheelbarrow
24:25 Fletching
27:50 Imperial Age
25:51 Bow Saw
27:21 Scale Mail Armor
27:31 Forging
28:37 Squires
29:05 Conscription
29:17 Masonry
29:32 Coiled Serpent Array
32:00 Pikeman
33:24 Chain Mail Armor
36:13 Ballistics
37:47 Bodkin Arrow
37:53 Padded Archer Armor
38:16 Elite Skirmisher
39:01 Thumb Ring
40:27 Hand Cart
41:29 Chemistry
valentin19
10:41 Feudal Age
15:02 Castle Age
13:03 Horse Collar
13:33 Double-Bit Axe
16:22 Bow Saw
18:32 Loom
19:40 Wheelbarrow
21:20 Gold Mining
22:04 Stone Mining
22:52 Gold Shaft Mining
22:58 Heavy Plow
23:47 Stone Shaft Mining
27:31 Imperial Age
25:16 Hand Cart
26:59 Scale Barding Armor
27:26 Bloodlines
27:25 Husbandry
28:03 Chain Barding Armor
27:54 Forging
27:41 Town Watch
28:41 Crop Rotation
27:58 Elite Battle Elephant
29:24 Plate Barding Armor
30:41 Forging
32:11 Conscription
33:02 Iron Casting
33:02 Tusk Swords
32:40 Light Cavalry
34:47 Blast Furnace
33:38 Fletching
35:12 Coinage
35:39 Hussar
36:47 Siege Engineers
37:43 Chemistry
37:04 Ballistics
37:48 Bodkin Arrow
38:58 Bracer
39:16 Double Crossbow
38:38 Elite Ballista Elephant
39:43 Masonry
Far King Noob
11:42 Feudal Age
9:58 Loom
15:18 Castle Age
15:44 Forging
37:16 Imperial Age
35:26 Wheelbarrow
35:48 Gold Mining
35:46 Double-Bit Axe
39:44 Chemistry
40:12 Bow Saw
CNZS_carlar
10:38 Feudal Age
14:37 Castle Age
12:22 Horse Collar
12:30 Double-Bit Axe
16:06 Bow Saw
16:00 Heavy Plow
22:15 Wheelbarrow
24:26 Hand Cart
27:27 Imperial Age
26:12 Padded Archer Armor
27:11 Leather Archer Armor
27:09 Fortified Wall
26:40 Treadmill Crane
27:11 Masonry
29:14 Chemistry
28:34 Ballistics
29:45 Ballistics
30:24 Loom
30:27 Town Watch
38:53 Pirotechnia
39:03 Conscription
39:06 Silk Road
Connection lost

Rejoining the realm…

Still unreachable

The connection could not be restored.

Session expired

The server has moved on; the page needs a fresh start.